AoeStats
← [SEID]PrimeroDeLínea

Oasis

510025751Analyzed
3v3 RM · 4d ago on Sep 29, 2026· 38m 0s· 6 players
Game mode
Random Map
Map size
Normal (6 player)
Population
200
Speed
Normal
Resources
Standard
Victory
Conquest
Starting age
Dark Age
Ending age
Imperial Age
RankedLock teamsTeams togetherTeam positionsShared explorationLock speedFull tech treeHidden civsTurbo modeCheats
Victory
Defeat
🇨🇴 Britons · Colombia
1892
+6
🇨🇴 Franks · Colombia
1848
+7
🇦🇷 Persians · Argentina
1777
+9
🇦🇷 Romans · Argentina
1724
-10
🇦🇷 Saracens · Argentina
1642
-8
🇦🇷 Khmer · Argentina
1479
-4
[SEID] Aletheia
6:45 Loom
9:39 Feudal Age
11:21 Double-Bit Axe
21:24 Castle Age
21:32 Crossbowman
22:13 Fletching
23:08 Bodkin Arrow
23:35 Bow Saw
24:30 Wheelbarrow
24:17 Horse Collar
28:18 Padded Archer Armor
29:28 Stone Mining
29:28 Gold Mining
31:35 Heavy Plow
34:30 Imperial Age
32:52 Leather Archer Armor
33:41 Hand Cart
34:20 Masonry
36:16 Two-Man Saw
34:44 Onager
fassu
6:36 Loom
8:51 Feudal Age
9:35 Double-Bit Axe
11:38 Town Watch
14:57 Scale Barding Armor
22:35 Castle Age
20:18 Horse Collar
20:33 Gold Mining
21:37 Bloodlines
21:40 Forging
22:59 Forging
22:45 Light Cavalry
23:25 Husbandry
24:14 Gold Shaft Mining
26:58 Iron Casting
31:55 Chain Barding Armor
37:47 Wheelbarrow
[SEID]PrimeroDeLínea
7:38 Loom
9:50 Feudal Age
14:17 Castle Age
17:21 Double-Bit Axe
25:13 Ballistics
35:43 Horse Collar
36:42 Wheelbarrow
37:46 Hand Cart
37:33 Heavy Plow
NuMa | Toth
7:29 Loom
10:40 Feudal Age
11:42 Double-Bit Axe
11:37 Horse Collar
19:42 Castle Age
18:38 Fletching
21:18 Wheelbarrow
20:56 Bow Saw
20:51 Heavy Plow
21:26 Gold Mining
23:51 Town Watch
26:45 Hand Cart
26:34 Bodkin Arrow
27:16 Guard Tower
32:49 Imperial Age
30:53 Ballistics
30:37 Gold Mining
30:38 Stone Mining
31:15 Padded Archer Armor
32:09 Gold Shaft Mining
32:52 Elite Longbowman
33:34 Bracer
34:43 Chemistry
33:07 Capped Ram
35:10 Conscription
35:14 Yeomen
35:40 Leather Archer Armor
37:37 Masonry
37:37 Warwolf
39:03 Ring Archer Armor
[CLB]PEGASO
11:06 Feudal Age
15:00 Castle Age
12:53 Double-Bit Axe
14:40 Loom
16:06 Bow Saw
20:32 Wheelbarrow
21:34 Scale Barding Armor
25:02 Chain Barding Armor
26:17 Forging
27:29 Gold Mining
28:50 Iron Casting
29:29 Husbandry
30:32 Hand Cart
34:21 Imperial Age
33:30 Fletching
35:39 Plate Barding Armor
34:25 Cavalier
35:10 Chivalry
36:48 Blast Furnace
36:20 Paladin
38:41 Coinage
Magio | Voy Pocker
6:11 Loom
8:54 Feudal Age
9:11 Man-at-Arms
9:58 Double-Bit Axe
13:27 Arson
21:56 Castle Age
22:16 Scale Barding Armor
Connection lost

Rejoining the realm…

Still unreachable

The connection could not be restored.

Session expired

The server has moved on; the page needs a fresh start.